AoeStats
← _mansy_

Oasis

509676624Analyzed
2v2 RM · 5d ago on Sep 27, 2026· 52m 55s· 4 players
Game mode
Random Map
Map size
Medium (4 player)
Population
200
Speed
Normal
Resources
Standard
Victory
Conquest
Starting age
Dark Age
Ending age
Imperial Age
RankedLock teamsTeams togetherTeam positionsShared explorationLock speedFull tech treeHidden civsTurbo modeCheats
Victory
Defeat
🇳🇴 Spanish · Norway
732
+17
🇷🇺 Spanish · Russia
705
+18
🇮🇳 Malay · India
817
-28
🇮🇳 Teutons · India
673
-15
_mansy_
9:41 Loom
10:02 Loom
12:13 Feudal Age
13:19 Horse Collar
13:42 Double-Bit Axe
14:21 Loom
15:10 Gold Mining
16:42 Stone Mining
22:36 Castle Age
24:33 Forging
24:13 Fletching
24:25 Padded Archer Armor
24:31 Scale Barding Armor
26:35 Bodkin Arrow
29:55 Husbandry
31:35 Inquisition
31:41 Pikeman
34:13 Iron Casting
38:44 Imperial Age
36:59 Squires
36:44 Gambesons
38:10 Bow Saw
40:11 Murder Holes
41:18 Chemistry
40:40 Scale Barding Armor
41:10 Bloodlines
43:53 Block Printing
44:06 Illumination
44:04 Sanctity
44:11 Caravan
45:46 Ballistics
46:34 Theocracy
46:57 Cavalier
49:37 Blast Furnace
48:40 Scale Mail Armor
48:46 Scale Barding Armor
48:42 Bracer
48:57 Leather Archer Armor
48:18 Elite Conquistador
KoN_Air
11:39 Feudal Age
17:00 Castle Age
19:33 Double-Bit Axe
21:51 Loom
25:39 Gold Mining
26:14 Stone Mining
27:25 Bow Saw
28:30 Wheelbarrow
28:52 Stone Shaft Mining
30:44 Hand Cart
30:35 Town Watch
35:49 Imperial Age
36:11 Town Patrol
36:15 Murder Holes
36:31 Masonry
36:25 Pikeman
36:52 Arson
41:37 Halberdier
42:20 Squires
41:54 Capped Ram
45:57 Padded Archer Armor
45:48 Fletching
46:09 Forging
45:59 Scale Mail Armor
47:10 Chemistry
46:31 Ballistics
46:22 Fortified Wall
46:03 Guard Tower
46:44 Architecture
48:21 Siege Ram
49:41 Leather Archer Armor
49:21 Bodkin Arrow
Spy_Demon
6:06 Loom
12:41 Feudal Age
14:01 Wheelbarrow
13:48 Horse Collar
19:17 Castle Age
18:12 Forging
18:33 Double-Bit Axe
19:41 Scale Barding Armor
21:02 Iron Casting
24:03 Bow Saw
24:42 Husbandry
27:28 Heavy Plow
27:32 Gold Mining
36:34 Hand Cart
36:26 Town Watch
37:25 Gold Shaft Mining
36:41 Stone Mining
40:45 Masonry
40:19 Treadmill Crane
43:24 Imperial Age
43:53 Murder Holes
46:08 Conscription
47:12 Siege Engineers
46:30 Heavy Scorpion
46:35 Capped Ram
47:37 Devotion
48:10 Heresy
48:53 Stone Shaft Mining
Genghis Khan
0:50 Loom
12:53 Feudal Age
14:10 Wheelbarrow
13:21 Horse Collar
13:31 Double-Bit Axe
24:20 Stone Mining
24:25 Gold Mining
26:23 Man-at-Arms
27:17 Forging
32:05 Castle Age
34:43 Hand Cart
34:39 Heavy Plow
34:53 Bow Saw
36:26 Ironclad
44:11 Stone Shaft Mining
50:09 Imperial Age
49:02 Heated Shot
49:36 Ballistics
49:40 Caravan
Connection lost

Rejoining the realm…

Still unreachable

The connection could not be restored.

Session expired

The server has moved on; the page needs a fresh start.